[Event "Austria 2nd BL-Mitte 2024-25"]
[Site "Austria"]
[Date "2025.04.04"]
[Round "9.19"]
[White "Felsberger, Alfred"]
[Black "Spalir, Jernej"]
[Result "1-0"]
[Annotator "RC"]
[ECO "C77"]
[WhiteElo "2320"]
[BlackElo "2356"]
[PlyCount "75"]
[EventDate "2025.03.30"]
[EventType "team-tourn"]
[EventCountry "AUT"]
[SourceTitle "playchess.com"]
[Source "ChessBase"]
[SourceQuality "1"]
[TimeControl "40/5400+30:1800+30"]

1. e4 e5 2. Nf3 Nc6 3. Bb5 a6 4. Ba4 Nf6 5. Nc3 Bc5 6. O-O b5 7. Bb3 d6 8. Nd5 O-O 9. d3 h6 10. c3 Re8 11. a4 Bb7 12. axb5 axb5 13. Rxa8 Bxa8 14. Bd2 Nxd5 15. Bxd5 Ne7 16. Bb3 Ng6 17. g3 d5 18. Qe2 Bc6 19. h4 dxe4 20. dxe4 Qd7 21. Kh2 Kh8 22. Bc1 Qg4 23. Bc2 Nxh4 24. gxh4 Bd7 25. Kh1 Re6 26. Rg1 Qh5 27. Rg3 Rf6 28. Bd1 g5 29. Be3 Bxe3 30. Qxe3 gxh4 31. Rg2 Bh3 32. Rg1 Bg4 33. Qc5 Bxf3+ 34. Kh2 Rd6 35. Bxf3 Qxf3 36. Qxe5+ Qf6 37. Qe8+ Kh7 38. Qg8# 1-0

[Event "Austria 2nd BL-Mitte 2024-25"]
[Site "Austria"]
[Date "2025.04.04"]
[Round "9.20"]
[White "Dotzer, Lukas"]
[Black "Weiss, Christian"]
[Result "1-0"]
[Annotator "RC"]
[ECO "B15"]
[WhiteElo "2453"]
[BlackElo "2360"]
[PlyCount "125"]
[EventDate "2025.03.30"]
[EventType "team-tourn"]
[EventCountry "AUT"]
[SourceTitle "playchess.com"]
[Source "ChessBase"]
[SourceQuality "1"]
[TimeControl "40/5400+30:1800+30"]

1. e4 c6 2. Nc3 d5 3. Nf3 g6 4. d4 Bg7 5. h3 dxe4 6. Nxe4 Nf6 7. Nxf6+ exf6 8. Bd3 O-O 9. O-O Be6 10. c4 a5 11. Bf4 Na6 12. Rc1 Qb6 13. Qd2 Rfd8 14. Be3 c5 15. d5 Bd7 16. Bf4 Nc7 17. b3 Ne8 18. a3 Bf8 19. Rb1 Bd6 20. Bh6 Ng7 21. g4 Re8 22. Qc3 Bf8 23. Kh1 Qd6 24. Qd2 b5 25. Kg2 a4 26. cxb5 Qxd5 27. Bc4 Qxd2 28. Bxd2 Reb8 29. Bf4 Rxb5 30. Bxb5 Bxb5 31. Rfc1 Ne6 32. Be3 axb3 33. Rxb3 Bc6 34. Rb6 Be4 35. Rc4 Bxf3+ 36. Kxf3 Rxa3 37. Rb8 Kg7 38. Kg2 Rd3 39. Ra4 Rd7 40. Raa8 h5 41. gxh5 gxh5 42. Bc1 Rd3 43. Ra7 Nd8 44. Rc8 Ne6 45. Ra4 Kg6 46. Re4 Bd6 47. Rh8 f5 48. Rh6+ Kg7 49. Re1 Nf4+ 50. Bxf4 Bxf4 51. Rxh5 Kf6 52. Rh8 Rc3 53. Rc8 Bd2 54. Rc6+ Kg7 55. Re5 c4 56. Rec5 f4 57. Rxc4 Rd3 58. R4c5 Bb4 59. Rg5+ Kf8 60. Rf5 Bd6 61. Rb6 f6 62. Rxf6+ Ke7 63. Rfxd6 1-0

[Event "Austria 2nd BL-Mitte 2024-25"]
[Site "Austria"]
[Date "2025.04.04"]
[Round "9.21"]
[White "Ennsberger, Ulrich"]
[Black "Loescher, Leon"]
[Result "1-0"]
[Annotator "RC"]
[ECO "D38"]
[WhiteElo "2277"]
[BlackElo "2006"]
[PlyCount "49"]
[EventDate "2025.03.30"]
[EventType "team-tourn"]
[EventCountry "AUT"]
[SourceTitle "playchess.com"]
[Source "ChessBase"]
[SourceQuality "1"]
[TimeControl "40/5400+30:1800+30"]

1. c4 Nf6 2. Nf3 e6 3. d4 d5 4. Nc3 Bb4 5. Bg5 Bxc3+ 6. bxc3 O-O 7. e3 b6 8. Bd3 Bb7 9. cxd5 exd5 10. Ne5 h6 11. h4 Qd6 12. Bxf6 Qxf6 13. g4 Re8 14. g5 Qd6 15. Qf3 Rxe5 16. dxe5 Qxe5 17. Kd2 Nd7 18. gxh6 Nc5 19. Rhg1 Ne4+ 20. Bxe4 dxe4 21. Qg3 Qd5+ 22. Ke1 g6 23. Qg5 Rd8 24. Qf6 Ba6 25. Qg7# 1-0

[Event "Austria 2nd BL-Mitte 2024-25"]
[Site "Austria"]
[Date "2025.04.04"]
[Round "9.22"]
[White "Pacher, Simon"]
[Black "Moser, Guenter"]
[Result "0-1"]
[Annotator "ChessBase"]
[ECO "B94"]
[WhiteElo "2060"]
[BlackElo "2201"]
[PlyCount "82"]
[EventDate "2025.03.30"]
[EventType "team-tourn"]
[EventCountry "AUT"]
[SourceTitle "playchess.com"]
[Source "ChessBase"]
[SourceQuality "1"]
[TimeControl "40/5400+30:1800+30"]

1. e4 c5 2. Nf3 d6 3. d4 cxd4 4. Nxd4 Nf6 5. Nc3 a6 6. Bg5 Nbd7 7. f4 Qc7 8. Qe2 e5 9. Nf5 h6 10. Bh4 exf4 11. Bxf6 Nxf6 12. Nd5 Nxd5 13. exd5+ Kd8 14. Qe4 Qd7 15. Bd3 g6 16. Nd4 Qe7 17. Qxe7+ Bxe7 18. Ne2 g5 19. g3 f3 20. Nd4 Bf6 21. Nxf3 Bxb2 22. Rb1 Bc3+ 23. Kf2 b5 24. Rhd1 Re8 25. a3 Bd7 26. h3 Rc8 27. g4 Rc5 28. Bh7 Re7 29. Rd3 Bg7 30. Rd2 Kc7 31. Ng1 Re5 32. Rbd1 Rc3 33. Nf3 Re8 34. a4 bxa4 35. Re2 Rxe2+ 36. Kxe2 Bb5+ 37. Bd3 Rxc2+ 38. Ke3 Rc3 39. Ke4 Bxd3+ 40. Rxd3 Rxd3 41. Kxd3 a3 0-1

[Event "Austria 2nd BL-Mitte 2024-25"]
[Site "Austria"]
[Date "2025.04.04"]
[Round "9.23"]
[White "Knoll, Hermann"]
[Black "Blasge, Tobias"]
[Result "1-0"]
[Annotator "ChessBase"]
[ECO "D02"]
[WhiteElo "2258"]
[BlackElo "2015"]
[PlyCount "93"]
[EventDate "2025.03.30"]
[EventType "team-tourn"]
[EventCountry "AUT"]
[SourceTitle "playchess.com"]
[Source "ChessBase"]
[SourceQuality "1"]
[TimeControl "40/5400+30:1800+30"]

1. d4 d5 2. Nf3 Nc6 3. Bg5 Bg4 4. Nbd2 Nf6 5. Bxf6 gxf6 6. c3 e5 7. e3 Qd6 8. Qa4 Bd7 9. Qc2 O-O-O 10. Nb3 Qe6 11. O-O-O Qf5 12. Qxf5 Bxf5 13. Nh4 Be6 14. f4 Bh6 15. g3 e4 16. Be2 f5 17. Rhg1 Ne7 18. g4 fxg4 19. Bxg4 Bxg4 20. Rxg4 Rhg8 21. Rdg1 Rxg4 22. Rxg4 Rg8 23. h3 b6 24. Nd2 Kd7 25. Nf1 Ke6 26. Ng3 Rxg4 27. hxg4 f6 28. Kd2 Kf7 29. c4 c6 30. Kc3 Bf8 31. b3 Ke6 32. f5+ Kf7 33. Nh5 Bh6 34. Ng2 Ng8 35. cxd5 cxd5 36. Nhf4 Bxf4 37. exf4 Ke7 38. Ne3 Kd6 39. g5 h5 40. Kd2 a5 41. Ke2 Ne7 42. g6 Ng8 43. Kf2 Nh6 44. Kg3 Ke7 45. Nxd5+ Kf8 46. Ne3 b5 47. Kh4 1-0

[Event "Austria 2nd BL-Mitte 2024-25"]
[Site "Austria"]
[Date "2025.04.04"]
[Round "9.24"]
[White "Tscharnuter, Hannes"]
[Black "Simon, Christopher"]
[Result "1-0"]
[Annotator "NA"]
[ECO "B07"]
[WhiteElo "1984"]
[BlackElo "1968"]
[PlyCount "57"]
[EventDate "2025.03.30"]
[EventType "team-tourn"]
[EventCountry "AUT"]
[SourceTitle "playchess.com"]
[Source "ChessBase"]
[SourceQuality "1"]
[TimeControl "40/5400+30:1800+30"]

1. e4 g6 2. d4 Bg7 3. Nc3 d6 4. Be2 Nf6 5. g4 d5 6. e5 Ne4 7. Qd3 c5 8. Nxe4 dxe4 9. Qxe4 cxd4 10. Bd2 Nc6 11. f4 Be6 12. Bf3 Qb6 13. Nh3 Rd8 14. Qd3 Nb4 15. Bxb4 Qxb4+ 16. Qd2 Qxb2 17. O-O Qb6 18. Rab1 Qc5 19. Rxb7 d3+ 20. Rf2 h5 21. Ng5 Bc8 22. Rb3 hxg4 23. Be4 dxc2 24. Qxc2 Qa5 25. Bxg6 Ba6 26. Bxf7+ Kf8 27. Bc4 Bxc4 28. Qxc4 Qe1+ 29. Rf1 1-0